 Dungeon Crawl Stone Soup version 0.27-a0-1123-g2f9bb313c0 (webtiles) character file.

Game seed: 7498363487172390615

43 karrick the Ducker (level 3, -1/28 HPs)
             Began as a Djinni Gladiator on May 4, 2021.
             Killed from afar by an orc wizard (2 damage)
             ... with a puff of flame
             ... on level 4 of the Dungeon.
             The game lasted 00:02:02 (1722 turns).

karrick the Ducker (Djinni Gladiator)               Turns: 1722, Time: 00:02:02

Health: -1/28      AC:  4    Str: 13    XL:     3   Next: 58%
Gold:   96         EV: 13    Int: 10    God:
                   SH:  0    Dex: 14

rFire    + + .     SeeInvis .   a - +0 long sword
rCold    x . .     Faith    .   (no shield)
rNeg     . . .     Spirit   .   b - +0 leather armour
rPois    ∞         Reflect  .   c - +0 helmet
rElec    .         Harm     .   (no cloak)
rCorr    .         Rampage  .   (no gloves)
Will     .....                  (boots unavailable)
Stlth    +.........             (no amulet)
HPRegen  0.09/turn              (no ring)
MPRegen  0.00/turn              (no ring)

@: flying
A: fire resistance 2, cold vulnerability 1, float, innate caster, hp casting,
extra vitality 1
a: no special abilities


You were on level 4 of the Dungeon.
You visited 1 branch of the dungeon, and saw 4 of its levels.

You collected 96 gold pieces.

Inventory:

Hand Weapons
 a - a +0 long sword (weapon)
Missiles
 d - 3 throwing nets (quivered)
Armour
 b - a +0 leather armour (worn)
 c - a +0 helmet (worn)
Jewellery
 g - an amulet of magic regeneration
Scrolls
 f - 2 scrolls of identify {unknown}
 h - 2 scrolls of noise {unknown}
 i - a scroll of amnesia {unknown}
 j - a scroll of immolation {unknown}
Potions
 e - a potion of heal wounds


   Skills:
 + Level 2.2 Fighting
 + Level 3.3 Long Blades
 + Level 1.7 Throwing
 + Level 0.2 Armour
 + Level 3.8 Dodging


You had one spell level left.
You knew the following spells:

 Your Spells              Type           Power      Damage    Failure   Level
a - Apportation           Tloc           0%         N/A       43%         1
Your spell library was empty.

Dungeon Overview and Level Annotations

Branches:
Dungeon (4/15)
 Temple: D:4-7

Altars:


Innate Abilities, Weirdness & Mutations

You are immune to poison.
Your flesh is very heat resistant. (rF++)
You are vulnerable to cold. (rC-)
You float through the air rather than walking.
You learn spells naturally, not from books.
Your magical power is your life essence.
You have superior vitality. (+4 HP)


Message History

Reactivating autopickup.
The worm closely misses you.
There is a stone staircase leading up here.
Deactivating autopickup; reactivate with Ctrl-A.
You miss something. Something hits you but does no damage.
The kobold hits you but does no damage. The worm barely misses you.
The kobold completely misses you.
You hit the kobold.
The kobold is severely wounded.
Something hits you but does no damage. The kobold closely misses you.
The worm barely misses you.
You slash the kobold!
You kill the kobold!
You hear some strange, mumbled words.
You are confused.
The worm bites you!
You hear some strange, mumbled words.
A puff of flame appears from out of thin air!
The puff of flame hits you. You resist.
You bump into the stone wall.
Something hits you.
You bump into the stone wall.
The worm bites you. Something hits you but does no damage.
You barely miss something. Something hits you but does no damage.
The worm barely misses you.
You barely miss something. Something hits you.
* * * LOW HITPOINT WARNING * * *
It was a potion of heal wounds.
You feel much better. Something hits you but does no damage.
The worm bites you!
You slash the worm!
The worm is heavily wounded.
You feel less confused. Something hits you. The worm bites you!
* * * LOW HITPOINT WARNING * * *
You closely miss something. Something hits you but does no damage.
Something hits you.
* * * LOW HITPOINT WARNING * * *
You hear some strange, mumbled words.
A puff of flame appears from out of thin air!
The puff of flame hits you. You resist.
You die...

#?. #..#
#..####..####.
#.............
#..).....#####
#######......#
#..##..#. ##...# #.
#w{#.# #@##(# ###
#.##.# #.#
##.##.####### #.#
#.#.........#####.#
##..#.#.###.....<.#
#......# #.#####.#
##.#.#.###.# #.#
#.........# #.#
###.......# #.#


You could see a worm.

Vanquished Creatures
  A dart slug (D:1)
  4 endoplasms
  A giant cockroach (D:1)
  4 goblins
  3 hobgoblins (D:1)
  3 jackals (D:1)
  2 ball pythons
  3 bats
  6 frilled lizards
  7 kobolds
  3 rats (D:1)
37 creatures vanquished.

Notes
Turn   | Place    | Note
-------+----------+-------------------------------------------
     0 | D:1      | karrick the Djinni Gladiator began the quest for the Orb.
     0 | D:1      | Reached XP level 1. HP: 18/18 MP: 0/0
    91 | D:1      | Reached XP level 2. HP: 23/23 MP: 0/0
   511 | D:1      | Reached XP level 3. HP: 28/28 MP: 0/0
   511 | D:1      | Learned a level 1 spell: Apportation
  1416 | D:2      | You are sucked into a shaft and drop 2 floors!
  1721 | D:4      | HP: 1/28 [something (5)]
  1722 | D:4      | Killed from afar by an orc wizard

Illustrated notes

Levels and vault maps discovered:
D:1:      giann_forest_graveyard, layout_loops_ring, hex_medium
D:2:      minmay_chambers_of_twos, layout_basic
D:3:      layout_basic, nicolae_overflow_crystal_walls,
          shapermc_ecumenical_altar_mp_urbaneastern
D:4:      minmay_chambers_of_threes, layout_loops_ring,
          kennysheep_windowed_goal, uniq_robin, uniq_grinder

Skill      XL: |  1  2 |
---------------+-------+-----
Long Blades    | 3 |  3.3
Fighting       | |  2.2
Throwing       | |  1.7
Armour         | |  0.2
Dodging        | |  3.8

Action                   || total
-------------------------++-------
Melee: Long sword        ||    89
  Use: Potion            ||     1
 Stab: Sleeping          ||     2
Armor: Leather armour    ||    38
Dodge: Dodged            ||    57
       Rpst.: Long sword ||    16

Table legend: (Time is in decaauts)
 A = Elapsed time spent in this place.
 B = Non-inter-level travel time spent in this place.
 C = Inter-level travel time spent in this place.
 D = Time resting spent in this place.
 E = Time spent auto-exploring this place.
 F = Levels seen in this place.
 G = Mean time per level.
                   A        B        C        D        E       F      G
               +--------+--------+--------+--------+--------+-----+--------+
         Total |   1743 |   1710 |     33 |      0 |   1459 |   4 |  435.8 |
       Dungeon |   1743 |   1710 |     33 |      0 |   1459 |   4 |  435.8 |
               +--------+--------+--------+--------+--------+-----+--------+

Top non-repeatable levels by time:
     D:1: 1006 daAuts
     D:2: 426 daAuts
     D:3: 233 daAuts
     D:4: 77 daAuts
